 Dungeon Crawl Stone Soup version 0.21.1 (webtiles) character file.

47761 Mgcat the Destroyer (level 14, -26/87 HPs)
             Began as a Gargoyle Fire Elementalist on Feb 4, 2018.
             Was a High Priest of Vehumet.
             Shot with a bolt by an orc knight (29 damage)
             ... on level 2 of the Orcish Mines on Feb 5, 2018.
             The game lasted 01:33:07 (24405 turns).

Mgcat the Destroyer (Gargoyle Fire Elementalist)   Turns: 24405, Time: 01:33:07

Health: -26/87     AC: 19    Str: 11    XL:     14   Next: 43%
Magic:  1/28       EV: 15    Int: 32    God:    Vehumet [*****.]
Gold:   1639       SH:  0    Dex: 10    Spells: 11/34 levels left

rFire    + . .     SeeInvis .   s - +3 whip (freeze)
rCold    + . .     Gourm    +   (no shield)
rNeg     + . .     Faith    .   S - +2 robe of Surprise {rF+ Int+4}
rPois    ∞         Spirit   .   q - +2 helmet
rElec    +         Reflect  .   (no cloak)
rCorr    .         Harm     .   (no gloves)
MR       ++++.                  B - +1 pair of boots "Ytinino" {MR+ Int+3}
Stlth    ++........             I - amulet of the gourmand {Gourm, !d}
HPRegen  0.24/turn              K - ring of protection from cold {rC+, !d}
MPRegen  0.21/turn              y - ring of the Mage {Wiz MR++ Int+3}

@: flying
A: big wings, negative energy resistance 1, electricity resistance, unbreathing,
petrification resistance, rot immunity, AC +10
a: Stop Flying, Renounce Religion


You were on level 2 of the Orcish Mines.
You worshipped Vehumet.
Vehumet was extremely pleased with you.
You were not hungry.

You visited 3 branches of the dungeon, and saw 19 of its levels.

You collected 1639 gold pieces.

Inventory:

Hand Weapons
 s - a +3 whip of freezing (weapon)
   (You took it off Pikel on level 4 of the Dungeon)
Missiles
 j - 2 throwing nets {=f, !d}
 E - 448 stones (quivered)
Armour
 i - the -4 helmet "Xosikh" {Regen+}
   (You took it off Robin on level 2 of the Dungeon)

   It increases your rate of regeneration.
 q - a +2 helmet (worn)
   (You found it on level 3 of the Dungeon)
 B - the +1 pair of boots "Ytinino" (worn) {MR+ Int+3}
   (You found it on level 9 of the Dungeon)

   It affects your intelligence (+3).
   It affects your resistance to hostile enchantments.
 S - the +2 robe of Surprise (worn) {rF+ Int+4}
   (You took it off a spriggan on level 5 of the Lair of Beasts)

   It affects your intelligence (+4).
   It protects you from fire.
 W - a cursed +0 cloak
   (You took it off Maurice on level 2 of the Orcish Mines)
Magical Staves
 c - an uncursed staff of power {MP+17, !a}
   (You found it on level 2 of the Dungeon)
Jewellery
 a - an uncursed ring of protection from magic {MR+, !d}
   (You found it on level 2 of the Lair of Beasts)
 b - an uncursed ring of ice {rC+, rF-}
   (You found it on level 8 of the Dungeon)
 x - an uncursed ring of resist corrosion
   (You found it on level 6 of the Dungeon)
 y - the ring of the Mage (right hand) {Wiz MR++ Int+3}
   (You found it on level 5 of the Dungeon)

   [ring of wizardry]

   It improves your spell success rate.
   It affects your intelligence (+3).
   It affects your resistance to hostile enchantments.
 I - an amulet of the gourmand (around neck) {Gourm, !d}
   (You found it on level 6 of the Lair of Beasts)
 K - a ring of protection from cold (left hand) {rC+, !d}
   (You found it on level 1 of the Lair of Beasts)
 T - a +3 ring of protection
   (You found it on level 4 of the Lair of Beasts)
Wands
 A - a wand of random effects (53)
   (You found it on level 2 of the Lair of Beasts)
 C - a wand of disintegration (8)
   (You found it on level 9 of the Dungeon)
 F - a wand of digging (16)
   (You found it on level 9 of the Dungeon)
 J - a wand of flame (28)
   (You found it on level 1 of the Lair of Beasts)
 O - a wand of iceblast (4)
   (You found it on level 4 of the Lair of Beasts)
 P - a wand of paralysis (31)
   (You found it on level 11 of the Dungeon)
 Q - a wand of enslavement (17)
   (You found it on level 4 of the Lair of Beasts)
Scrolls
 f - 2 scrolls of holy word {unknown}
 h - 2 scrolls of fog
 k - 8 scrolls of teleportation
 o - 8 scrolls of remove curse
 r - 2 scrolls of fear
 G - 2 scrolls of amnesia
 M - a scroll of summoning {unknown}
 R - 4 scrolls of enchant armour
 U - a scroll of immolation {unknown}
Potions
 e - 3 potions of agility {unknown}
 g - 2 potions of might
 m - a potion of degeneration {unknown}
 n - a potion of curing
 p - 4 potions of flight
 t - 3 potions of brilliance
 u - 2 potions of lignification {unknown}
 v - a potion of haste {unknown}
 w - 2 potions of mutation {unknown}
 z - 3 potions of cancellation {unknown}
 D - a potion of berserk rage {unknown}
 H - 2 potions of resistance
 L - a potion of heal wounds {unknown}
Books
 N - a book of the Tempests
   (You found it on level 11 of the Dungeon)
 V - a book of Annihilations
   (You found it on level 6 of the Lair of Beasts)
Comestibles
 l - 30 rations


   Skills:
 + Level 9.8 Fighting
 + Level 7.8 Dodging
 - Level 2.1 Stealth
 + Level 10.7 Spellcasting
 + Level 12.3 Conjurations
 + Level 11.8 Fire Magic
 + Level 8.4 Earth Magic
 + Level 4.4 Evocations


You had 11 spell levels left.
You knew the following spells:

 Your Spells              Type           Power        Failure   Level  Hunger
a - Stone Arrow           Conj/Erth      ######       1%          3    None
b - Throw Flame           Conj/Fire      ######       1%          2    None
c - Conjure Flame         Conj/Fire      #######.     1%          3    None
d - Sticky Flame          Conj/Fire      #######.     1%          4    None
e - Fireball              Conj/Fire      #######...   1%          5    ##.....
g - Bolt of Fire          Conj/Fire      #######...   1%          6    #####..


Dungeon Overview and Level Annotations

Branches:
Dungeon (11/15)            Temple (0/1) D:5            Lair (6/6) D:11
  Swamp (0/4) Lair:4       Spider (0/4) Lair:2        Slime (0/5) Lair:5
    Orc (2/2) D:11
    Elf: Orc:2

Altars:
Dithmenos
Gozag
Hepliaklqana
Nemelex Xobeh
Ru
Trog
Vehumet
Wu Jian
Yredelemnul
Zin

Shops:
Orc:2 ?

Annotations:
D:3 Paps's ghost, amateur GrFi
Orc:1 Josephine
Orc:2 Nessos


Innate Abilities, Weirdness & Mutations

You are resistant to torment.
Your stone body is resilient. (AC +10)
You are immune to poison.
Your large and strong wings let you fly indefinitely.
You resist negative energy. (rN+)
You are resistant to electric shocks. (rElec)
You can survive without breathing.
You are immune to petrification.
You are immune to rotting.


Message History

The orc knight is heavily wounded.
The orc knight shoots a bolt.
The bolt hits you!
You hear a shout!
Unknown command.
Unknown command.
Wield which item (- for none, * to show all)? (? for menu, Esc to quit)
You feel your magic capacity decrease.
Your +3 whip of freezing glows with a cold blue light!
s - a +3 whip of freezing (weapon)
Unknown command.
An orc comes into view. It is wielding a mace.
The orc shouts!
You hear a shout! x2
The orc knight shoots a bolt.
The bolt hits you!!
* * * LOW HITPOINT WARNING * * *
An orc knight comes into view. It is wielding a glaive.
Things that are here:
3 arrows; a bolt Unknown command.
Unknown command.
Casting: Bolt of Fire
Confirm with . or Enter, or press ? or * to list all spells.
Aiming: Stone Arrow
Press: ? - help, Shift-Dir - straight line, f/p - orc knight
Aim: an orc knight, wielding an enchanted arbalest (heavily wounded)
The stone arrow hits the orc knight.
The orc knight is severely wounded.
The orc knight roars a battlecry!
The orc warrior goes into a battle-frenzy!
An orc warrior comes into view. It is wielding a glaive.
Unknown command.
Casting: Stone Arrow
Confirm with . or Enter, or press ? or * to list all spells.
You don't have enough magic to cast that spell.
The orc knight shoots a bolt.
The bolt hits you but does no damage.
You see here 3 bolts.
You feel better.
The orc knight shoots a bolt.
The bolt completely misses you.
Unknown command.
Unknown command.
Casting: Stone Arrow
Confirm with . or Enter, or press ? or * to list all spells.
Aiming: Throw Flame
Press: ? - help, Shift-Dir - straight line, f/p - orc knight
Aim: an orc knight, wielding an enchanted arbalest (severely wounded)
The puff of flame hits the orc knight.
The orc knight is almost dead.
As you read the scroll of teleportation, it crumbles to dust.
You feel strangely unstable.
Okay, then.
Unknown command.
Unknown command.
You hit the orc knight. You freeze the orc knight.
The orc knight is almost dead.
The orc knight hits you with an enchanted arbalest.
You hit the orc knight. You freeze the orc knight.
The orc knight is almost dead.
The orc knight closely misses you.
The orc knight hits you from afar with a glaive.
* * * LOW HITPOINT WARNING * * *
Unknown command.
Unknown command.
You closely miss the orc knight.
The orc knight is almost dead.
Your surroundings suddenly seem different.
A centaur comes into view.
The centaur shouts!
A centaur comes into view.
The centaur shouts!
An orc knight comes into view. It is wielding a great mace.
The orc knight shouts!
An orc comes into view. It is wielding a hand axe.
The orc shouts!
An orc warrior comes into view. It is wielding a long sword.
The orc warrior shouts!
You hear a shout!
The centaur wields a shortbow.
The centaur shoots an arrow.
The arrow misses you.
The orc knight unwields an uncursed great mace.
The orc knight wields an arbalest.
The orc knight shoots a bolt.
The bolt hits you!!
* * * LOW HITPOINT WARNING * * *
The centaur wields a shortbow.
The centaur shoots an arrow.
The arrow closely misses you.
An orc warrior comes into view. It is wielding a battleaxe.
The orc warrior shouts!
An orc warrior, an orc knight and 2 centaurs come into view.
Unknown command.
Unknown command.
Unknown command.
Unknown command.
As you read the scroll of fog, it crumbles to dust.
The scroll dissolves into smoke.
The orc warrior shouts!
The centaur wields a shortbow.
The centaur shoots an arrow.
The arrow closely misses you.
The orc warrior unwields an uncursed great mace.
The orc warrior wields an arbalest.
The orc warrior shoots a bolt.
The bolt closely misses you.
The orc unwields an uncursed hand axe.
The orc wields an arbalest.
The orc shoots a bolt.
The bolt hits you but does no damage.
The orc knight shoots a bolt.
The bolt hits you!!
You die...

###o #####
.... . ... ..
# ##..##..#
#. ##........
#..#.........
#...§§§.....≈
#(@cco.≈≈≈
#§§§..≈≈≈≈
...........
#......o.....
#..#..o.o≈≈≈≈
#o.#.....c≈≈≈
#c .....o...≈
#. #....o....


You could see 2 orc knights, 4 orc warriors, 4 centaurs and an orc.

Vanquished Creatures
  An orc warlord (Orc:2)
  3 dire elephants (Lair:6)
  7 hydras
  2 two-headed ogres (D:8)
  An anaconda (Lair:6)
  Erica (D:8)
  Nergalle (Orc:1)
  A necromancer (Lair:2)
  Pikel (D:4)
  2 orc knights
  2 orc sorcerers (Orc:2)
  2 oklob plants (D:11)
  Maurice (Orc:2)
  23 elephants
  3 black mambas
  Psyche (D:8)
  10 spiny frogs
  2 rime drakes (Lair:3)
  4 trolls
  2 polar bears
  13 blink frogs
  8 hippogriffs
  A wyvern (Lair:2)
  A spriggan (Lair:5)
  10 yaks
  3 swamp worms (Lair:4)
  Menkaure (D:6)
  2 wargs
  Duvessa (D:6)
  5 porcupines
  7 water moccasins
  14 orc warriors
  3 ice beasts
  5 sky beasts
  4 slaves
  2 eyes of draining
  2 phantoms
  A necrophage (D:11)
  3 wolves (Lair:1)
  12 ogres
  18 centaurs
  15 crocodiles
  2 big kobolds (D:11)
  19 bullfrogs
  2 gnoll sergeants
  A water moccasin zombie (D:10)
  A wyvern skeleton (D:9)
  Dowan (D:6)
  5 scorpions
  9 killer bees
  5 wights (D:11)
  An electric eel (Lair:4)
  6 crimson imps
  2 quasits
  2 jellies
  A bullfrog zombie (D:11)
  7 hounds
  A gnoll shaman (D:5)
  15 orc priests
  11 orc wizards
  A bullfrog skeleton (D:4)
  An iguana (D:7)
  8 worker ants
  3 polar bear simulacra (Lair:2)
  3 wolf simulacra (Lair:2)
  A yak simulacrum (Lair:2)
  4 hound skeletons
  A hound zombie (D:5)
  3 worker ant zombies
  Robin (D:2)
  19 gnolls
  A howler monkey skeleton (D:9)
  10 adders
  A river rat (Lair:3)
  2 shadow imps
  A white imp (D:4)
  An adder skeleton (D:5)
  7 worms
  5 dart slugs
  5 leopard geckos
  44 orcs
  A ball python (D:1)
  8 bats
  7 giant cockroaches
  14 goblins
  12 hobgoblins
  18 jackals
  4 quokkas
  7 frilled lizards
  2 jackal skeletons
  17 kobolds
  A leopard gecko skeleton (D:4)
  A leopard gecko zombie (D:5)
  6 rats
  4 river rat simulacra (Lair:2)
  2 butterflies (Lair:1)
  A fungus (Lair:5)
  17 plants
536 creatures vanquished.

Vanquished Creatures (others)
  87 fungi
  44 plants (Lair:5)
131 creatures vanquished.

Grand Total: 667 creatures vanquished

Notes
Turn   | Place    | Note
-------+----------+-------------------------------------------
     0 | D:1      | Mgcat the Gargoyle Fire Elementalist began the quest for the Orb.
     0 | D:1      | Reached XP level 1. HP: 10/10 MP: 3/3
    89 | D:1      | Reached XP level 2. HP: 13/15 MP: 5/5
   124 | D:1      | Learned a level 2 spell: Throw Flame
   206 | D:1      | HP: 3/15 [goblin/dagger (2)]
   224 | D:1      | HP: 1/15 [goblin/dagger (3)]
   287 | D:1      | Reached skill level 2 in Conjurations
   512 | D:1      | Reached XP level 3. HP: 19/19 MP: 6/6
  1109 | D:2      | HP: 4/19 [quokka (2)]
  1503 | D:2      | Noticed Robin
  1528 | D:2      | Reached XP level 4. HP: 7/24 MP: 3/8
  1541 | D:2      | HP: 5/24 [Robin/goblin (3)]
  1542 | D:2      | HP: 2/24 [goblin[Robin] (1)]
  1559 | D:2      | Killed Robin
  1723 | D:2      | Got a warped helmet
  1799 | D:2      | Learned a level 3 spell: Conjure Flame
  2040 | D:2      | Reached skill level 3 in Spellcasting
  2040 | D:2      | Reached skill level 4 in Fire Magic
  2214 | D:2      | Reached skill level 3 in Conjurations
  2214 | D:2      | Reached XP level 5. HP: 12/28 MP: 9/9
  2904 | D:3      | Noticed Paps's ghost (amateur GrFi)
  3161 | D:3      | Identified the cursed -4 helmet "Xosikh" {Regen+} (You took it off Robin on level 2 of the Dungeon)
  3346 | D:4      | Noticed a slave
  3434 | D:4      | Noticed Pikel
  3434 | D:4      | Noticed a slave
  3434 | D:4      | Noticed a slave
  3434 | D:4      | Noticed a slave
  3444 | D:4      | Killed a slave
  3692 | D:3      | Learned a level 4 spell: Sticky Flame
  4015 | D:4      | Reached XP level 6. HP: 13/32 MP: 1/11
  4251 | D:4      | Found an ornate altar of the Wu Jian Council.
  4336 | D:4      | Killed a slave
  4369 | D:4      | Killed a slave
  4931 | D:3      | Killed a slave
  5142 | D:4      | Killed Pikel
  5142 | D:4      | Reached skill level 4 in Spellcasting
  5142 | D:4      | Reached skill level 5 in Conjurations
  5142 | D:4      | Reached skill level 5 in Fire Magic
  5142 | D:4      | Reached XP level 7. HP: 34/36 MP: 4/13
  5555 | D:5      | Entered Level 5 of the Dungeon
  5573 | D:5      | Reached XP level 8. HP: 20/41 MP: 10/15
  5642 | D:5      | Reached skill level 5 in Spellcasting
  5725 | D:5      | Reached skill level 6 in Fire Magic
  5732 | D:5      | Found a radiant altar of Vehumet.
  5959 | D:6      | Reached skill level 6 in Conjurations
  6377 | D:6      | Noticed Duvessa
  6501 | D:6      | HP: 10/41 [shadow imp/nerve-wracking pain (3)]
  6812 | D:6      | Noticed Menkaure
  7024 | D:5      | Became a worshipper of Vehumet
  7351 | D:6      | Killed Menkaure
  7351 | D:6      | Reached skill level 6 in Spellcasting
  7351 | D:6      | Reached skill level 7 in Fire Magic
  7544 | D:5      | Reached skill level 7 in Conjurations
  7550 | D:5      | Reached XP level 9. HP: 34/45 MP: 8/18
  7561 | D:5      | Learned a level 5 spell: Fireball
  8149 | D:5      | Found the ring of the Mage {Wiz MR++ Int+3}
  8167 | D:5      | Found a glowing silver altar of Zin.
  8170 | D:5      | Found a sacrificial altar of Ru.
  8173 | D:5      | Found a sparkling altar of Nemelex Xobeh.
  8260 | D:5      | Found a staircase to the Ecumenical Temple.
  8783 | D:6      | Noticed Dowan
  8786 | D:6      | Killed Dowan
  8800 | D:6      | Killed Duvessa
  9058 | D:7      | Reached * piety under Vehumet
  9058 | D:7      | Offered knowledge of Shock by Vehumet.
  9244 | D:7      | Reached skill level 8 in Conjurations
  9301 | D:7      | Found a shadowy altar of Dithmenos.
  9376 | D:7      | Reached skill level 8 in Fire Magic
  9392 | D:7      | Reached skill level 1 in Fighting
  9392 | D:7      | Reached skill level 7 in Spellcasting
  9419 | D:7      | Reached skill level 2 in Dodging
  9914 | D:8      | Noticed Psyche
  9917 | D:8      | Killed Psyche
  9917 | D:8      | Reached skill level 2 in Fighting
  9952 | D:8      | Noticed a two-headed ogre
  9961 | D:8      | Killed a two-headed ogre
  9961 | D:8      | Reached skill level 3 in Fighting
  9961 | D:8      | Reached skill level 3 in Dodging
  9961 | D:8      | Reached XP level 10. HP: 51/56 MP: 6/21
 10104 | D:8      | Noticed a two-headed ogre
 10315 | D:8      | Killed a two-headed ogre
 10315 | D:8      | Reached skill level 9 in Conjurations
 10491 | D:8      | Reached ** piety under Vehumet
 10491 | D:8      | Offered knowledge of Sting by Vehumet.
 10498 | D:8      | Reached skill level 4 in Fighting
 10650 | D:8      | Reached skill level 9 in Fire Magic
 10710 | D:8      | Reached skill level 8 in Spellcasting
 11039 | D:8      | Noticed Erica
 11046 | D:8      | Killed Erica
 11046 | D:8      | Reached skill level 5 in Fighting
 11046 | D:8      | Reached skill level 4 in Dodging
 11046 | D:8      | Reached XP level 11. HP: 53/63 MP: 5/23
 11304 | D:8      | Offered knowledge of Ignite Poison by Vehumet.
 11592 | D:9      | Got a pair of brightly glowing boots
 11682 | D:9      | Found an opulent altar of Gozag.
 11735 | D:9      | Noticed a seven-headed hydra
 11739 | D:9      | Killed a seven-headed hydra
 11809 | D:9      | Reached *** piety under Vehumet
 11825 | D:9      | Found a hazy altar of Hepliaklqana.
 12138 | D:9      | Identified the +1 pair of boots "Ytinino" {MR+ Int+3} (You found it on level 9 of the Dungeon)
 12145 | D:10     | Entered Level 10 of the Dungeon
 12403 | D:9      | Reached skill level 10 in Conjurations
 12712 | D:9      | Offered knowledge of Stone Arrow by Vehumet.
 12717 | D:9      | Learned a level 3 spell: Stone Arrow
 13135 | D:10     | Found a basalt altar of Yredelemnul.
 13454 | D:10     | Reached skill level 6 in Fighting
 13454 | D:10     | Reached skill level 1 in Earth Magic
 13578 | D:10     | Reached **** piety under Vehumet
 13784 | D:10     | Reached skill level 5 in Dodging
 14067 | D:11     | Offered knowledge of Lightning Bolt by Vehumet.
 14211 | D:11     | Noticed an oklob plant
 14213 | D:11     | Found a staircase to the Lair.
 14213 | D:11     | Noticed an oklob plant
 14470 | D:11     | Reached skill level 2 in Earth Magic
 14693 | D:11     | Reached skill level 10 in Fire Magic
 14915 | D:11     | Found a staircase to the Orcish Mines.
 14967 | D:11     | Reached ***** piety under Vehumet
 14974 | D:11     | Offered knowledge of Bolt of Fire by Vehumet.
 14984 | D:11     | Learned a level 6 spell: Bolt of Fire
 15255 | D:11     | Reached skill level 3 in Earth Magic
 15395 | D:11     | Reached skill level 9 in Spellcasting
 15659 | D:11     | Killed an oklob plant
 15659 | D:11     | Reached XP level 12. HP: 58/71 MP: 14/25
 15828 | Lair:1   | Entered Level 1 of the Lair of Beasts
 16041 | Lair:1   | Reached skill level 7 in Fighting
 16055 | Lair:1   | Reached skill level 4 in Earth Magic
 16506 | Lair:1   | Noticed a five-headed hydra
 16510 | Lair:1   | Killed a five-headed hydra
 16821 | Lair:2   | Reached skill level 6 in Dodging
 16932 | Lair:2   | Found a hole to the Spider Nest.
 16964 | Lair:2   | Reached skill level 5 in Earth Magic
 17050 | Lair:2   | Reached skill level 11 in Conjurations
 18251 | Lair:3   | Reached skill level 8 in Fighting
 19058 | Lair:4   | Found a bloodstained altar of Trog.
 19062 | Lair:4   | Reached XP level 13. HP: 76/78 MP: 26/26
 19066 | Lair:4   | Reached skill level 6 in Earth Magic
 19266 | Lair:4   | You fall through a shaft for 2 floors!
 19266 | Lair:6   | Entered Level 6 of the Lair of Beasts
 19310 | Lair:6   | Reached skill level 1 in Evocations
 19426 | Lair:6   | Offered knowledge of Iskenderun's Mystic Blast by Vehumet.
 19426 | Lair:6   | Reached skill level 11 in Fire Magic
 19531 | Lair:6   | Found a sacrificial altar of Ru.
 20089 | Lair:5   | Reached skill level 10 in Spellcasting
 20213 | Lair:5   | Found a staircase to the Slime Pits.
 20284 | Lair:5   | Reached skill level 2 in Evocations
 20610 | Lair:5   | Reached skill level 7 in Earth Magic
 20846 | Lair:5   | Reached skill level 7 in Dodging
 21228 | Lair:5   | Reached skill level 9 in Fighting
 21380 | Lair:5   | Got a wizard robe
 21404 | Lair:5   | Reached skill level 3 in Evocations
 22100 | Lair:5   | Identified the +2 robe of Surprise {rF+ Int+4} (You took it off a spriggan on level 5 of the Lair of Beasts)
 22358 | Lair:4   | Found a staircase to the Swamp.
 22647 | Lair:5   | Reached skill level 12 in Conjurations
 22837 | Lair:6   | Gained mutation: Your large and strong wings let you fly indefinitely. [Gargoyle growth]
 22837 | Lair:6   | Reached XP level 14. HP: 86/86 MP: 28/28
 23199 | Lair:6   | Noticed a dire elephant
 23199 | Lair:6   | Noticed a dire elephant
 23206 | Lair:6   | Killed a dire elephant
 23207 | Lair:6   | Killed a dire elephant
 23328 | Lair:6   | Noticed a dire elephant
 23334 | Lair:6   | Killed a dire elephant
 23334 | Lair:6   | Reached skill level 8 in Earth Magic
 23641 | Orc:1    | Entered Level 1 of the Orcish Mines
 23641 | Orc:1    | Noticed Nergalle
 23647 | Orc:1    | Killed Nergalle
 23647 | Orc:1    | Reached skill level 4 in Evocations
 24090 | Orc:2    | Entered Level 2 of the Orcish Mines
 24115 | Orc:2    | Noticed Maurice
 24117 | Orc:2    | Killed Maurice
 24282 | Orc:2    | Noticed an orc warlord
 24290 | Orc:2    | Noticed Nessos
 24293 | Orc:2    | Killed an orc warlord
 24299 | Orc:1    | Noticed Josephine
 24302 | Orc:1    | Noticed a stone giant
 24380 | Orc:2    | Found Sejo's Magic Scroll Boutique.
 24395 | Orc:2    | HP: 18/87 [orc knight/bolt (24)]
 24404 | Orc:2    | HP: 3/87 [orc knight/bolt (21)]
 24405 | Orc:2    | Shot with a bolt by an orc knight

Skill      XL: |  1  2  3  4  5  6  7  8  9 10 11 12 13 14 |
---------------+-------------------------------------------+-----
Conjurations   | 2 3 5 7 8 9 10 11 12 | 12.3
Spellcasting   | 3 4 6 7 8 9 10 | 10.7
Fire Magic     | 4 5 7 8 9 10 11 | 11.8
Fighting       | 3 5 6 8 9 |  9.8
Dodging        | 3 4 5 6 7 |  7.8
Earth Magic    | 3 5 7 8 |  8.4
Evocations     | 3 4 |  4.4
Stealth        | |  2.1

Action                   |  1- 3 |  4- 6 |  7- 9 | 10-12 | 13-15 || total
-------------------------+-------+-------+-------+-------+-------++-------
Melee: Unarmed           |    23 |       |       |       |       ||    23
       Spear             |   157 |   333 |       |       |       ||   490
       Whip              |       |       |   166 |   101 |     3 ||   270
       Staff             |       |       |       |     1 |       ||     1
 Cast: Flame Tongue      |    21 |   103 |   155 |    54 |       ||   333
       Throw Flame       |     3 |     9 |    30 |   195 |    55 ||   292
       Conjure Flame     |       |     3 |     1 |     4 |     1 ||     9
       Fireball          |       |       |    11 |    81 |   142 ||   234
       Sticky Flame      |       |       |     4 |    34 |     1 ||    39
       Stone Arrow       |       |       |       |   119 |    69 ||   188
       Bolt of Fire      |       |       |       |    12 |    23 ||    35
 Abil: Fly               |       |       |       |       |     1 ||     1
  Use: Potion            |       |     1 |       |     2 |     4 ||     7
       Scroll            |       |     2 |    12 |     7 |     8 ||    29
 Stab: Sleeping          |     2 |     3 |       |       |       ||     5
  Eat: Ration            |     1 |     1 |     2 |     3 |     3 ||    10
       Chunk             |       |    10 |    10 |    36 |    27 ||    83
Armor: Robe              |    66 |   136 |   117 |    91 |    33 ||   443
Dodge: Dodged            |   138 |   224 |   160 |   133 |    64 ||   719

Vault maps used:
D:1:      lemuel_arrival_behind_the_door_small, st_stairs_14
D:2:      first_ration, minmay_pentomino_r2, uniq_robin
D:4:      kennysheep_mini, hangedman_decor_lopped, minmay_fire_ice_demons,
          uniq_pikel
D:5:      nicolae_overflow_hidden_temple, minitemple, minmay_temple_entry_grid
D:6:      uniq_duvessa, uniq_menkaure
D:7:      grunt_ogre_cave, grunt_dithmenos_smoke
D:8:      corner_web_ring, uniq_psyche, uniq_erica
D:9:      lemuel_coloured_pillars_altar, kennysheep_little_box
D:10:     nicolae_two_hexagons, yredelemnul_altar_generic
D:11:     dpeg_oklobed_lair, erik_orc_3
Lair:1:   minivault_19, lemuel_fruit_fields, serial_bayou_shore_b
Lair:2:   dummy_spider_entry, eino_house_with_fridge, infiniplex_staircase_pool,
          serial_bayou_shore_b
Lair:3:   pond, grunt_megastairs_3
Lair:4:   nicolae_swamp_entry_splash_gauntlet, basic_altar
Lair:5:   mu_elephants_graveyard, slime_dummy
Lair:6:   due_jungle_book, basic_altar
Orc:1:    roderic_batcave, uniq_josephine, uniq_nergalle
Orc:2:    st_orc_rangers, serial_shops, shop, uniq_maurice, uniq_donald,
          uniq_nessos

Table legend:
 A = Turns spent in this place as a percentage of turns spent in the entire game.
 B = Non-inter-level travel turns spent in this place as a percentage of non-inter-level travel turns spent in the entire game.
 C = Inter-level travel turns spent in this place as a percentage of turns spent in this place.
 D = Turns resting spent in this place as a percentage of non-inter-level travel turns spent in this place.
 E = Turns spent auto-exploring this place as a percentage of non-inter-level travel turns spent in this place.
 F = Non-inter-level travel turns spent in this place divided by the number of levels of this place that you've seen.
                   A       B       C       D       E      F
               +-------+-------+-------+-------+-------+----------------------
         Total | 100.0 | 100.0 |   5.3 |  28.0 |  54.6 | 1216.2
       Dungeon |  66.4 |  67.0 |   4.4 |  39.1 |  40.9 | 1407.2
          Lair |  31.1 |  30.4 |   7.4 |   5.9 |  82.8 | 1170.0
  Orcish Mines |   2.6 |   2.6 |   2.6 |   0.0 |  78.0 | 304.5
               +-------+-------+-------+-------+-------+----------------------

Table legend:
 A = Kills in this place as a percentage of kills in entire the game.
 B = Kills by you in this place as a percentage of kills by you in the entire game.
 C = Kills by friends in this place as a percentage of kills by friends in the entire game.
 D = Other kills in this place as a percentage of other kills in the entire game.
 E = Experience gained in this place as a percentage of experience gained in the entire game.
 F = Experience gained in this place divided by the number of levels of this place that you have seen.
                   A       B       C       D       E      F
               +-------+-------+-------+-------+-------+----------------------
         Total | 100.0 | 100.0 |   N/A |   N/A | 100.0 | 3591.1
       Dungeon |  66.2 |  66.2 |   N/A |   N/A |  28.2 | 1750.0
          Lair |  25.4 |  25.4 |   N/A |   N/A |  59.1 | 6723.0
  Orcish Mines |   8.4 |   8.4 |   N/A |   N/A |  12.7 | 4321.0
               +-------+-------+-------+-------+-------+----------------------
